 Dungeon Crawl Stone Soup version 0.31-a0-819-gf6de2f5ab6 (webtiles) character file.

Game seed: 2259829408599408766

443 qw the Shooter (level 7, -3/43 HPs)
             Began as a Gargoyle Hunter on Sept 23, 2023.
             Slain by Duvessa
             ... wielding a +0 rapier
              (6 damage)
             ... on level 4 of the Dungeon.
             The game lasted 00:01:28 (3111 turns).

qw the Shooter (Gargoyle Hunter)                    Turns: 3111, Time: 00:01:29

Health: -3/43      AC: 10    Str: 15    XL:     7   Next: 2%
Magic:  7/7        EV: 11    Int:  9    God:
Gold:   228        SH:  0    Dex: 15    Spells: 6/6 levels left

rFire   . . .        Y - +1 shortbow
rCold   . . .        (shield currently unavailable)
rNeg    + . .        i - +0 ring mail
rPois   inf          (no helmet)
rElec   +            (no cloak)
rCorr   .            (no gloves)
SInv    .            (no boots)
Will    .....        e - amulet of faith
Stlth   +            (no ring)
HPRegen 0.27/turn    (no ring)
MPRegen 0.10/turn

%: faith
@: no status effects
A: sickness immunity, AC +4, negative energy resistance 1, electricity
resistance, torment resistance 1, petrification resistance
a: no special abilities


You were on level 4 of the Dungeon.
You visited 2 branches of the dungeon, and saw 5 of its levels.

You collected 228 gold pieces.


Innate Abilities, Weirdness & Mutations

You are immune to sickness and miasma.
Your stone body is resilient. (AC +4)
You are immune to poison.
You resist negative energy. (rN+)
You are resistant to electric shocks. (rElec)
You are resistant to unholy torment.
You are immune to petrification.


   Skills:
 - Level 4.1 Fighting
 + Level 7.3 Ranged Weapons
 - Level 1.0 Armour
 - Level 1.5 Dodging
 - Level 1.1 Stealth


You had 6 spell levels left.
You didn't know any spells.
Your spell library was empty.

Inventory:

Hand Weapons
 Y - a +1 shortbow (weapon)
Armour
 i - a +0 ring mail (worn)
Jewellery
 c - an amulet of reflection
 e - an amulet of faith (around neck)
 f - a ring of ice
Scrolls
 a - a scroll of identify
Potions
 b - a potion of haste
 d - 2 potions of curing
 g - a potion of cancellation {unknown}
 h - a potion of mutation {unknown}
 j - a potion of magic {unknown}
 k - 2 potions of brilliance {unknown}
 l - a potion of enlightenment {unknown}

Dungeon Overview and Level Annotations

Branches:
Dungeon (4/15)             Temple (1/1) D:4

Altars:
Dithmenos
Fedhas
Gozag
Kikubaaqudgha
Nemelex Xobeh
Qazlal
Ru
Sif Muna
Uskayaw
Wu Jian
Xom
Yredelemnul
The Shining One

Annotations:
D:4 Duvessa


Message History

There is an open door here.
Found a robe.
k - 2 fuming white potions (gained 1)
You now have 228 gold pieces (gained 14).
There is an open door here.
You see here a +0 short sword.
There is an open door here.
Duvessa, Sister of Dowan comes into view.
She is wielding a +0 rapier.
Duvessa shouts!
Duvessa goes berserk!
Enter note:
Enter note:
Enter note: You shoot an arrow.
The arrow hits Duvessa.
Duvessa is lightly wounded.
Duvessa closely misses you.
You shoot an arrow. The arrow hits Duvessa!
Duvessa is moderately wounded.
Duvessa barely misses you.
You shoot an arrow.
The arrow hits Duvessa but does no damage.
Duvessa is moderately wounded.
Duvessa hits you but does no damage. Duvessa barely misses you.
You shoot an arrow. The arrow barely misses Duvessa.
Duvessa hits you with a +0 rapier! x2
You shoot an arrow.
The arrow hits Duvessa but does no damage.
Duvessa is moderately wounded.
Duvessa barely misses you. x2
You shoot an arrow. The arrow hits Duvessa.
Duvessa is moderately wounded.
Duvessa hits you with a +0 rapier.
You shoot an arrow. The arrow hits Duvessa.
Duvessa is moderately wounded.
Duvessa closely misses you. Duvessa hits you with a +0 rapier!
You shoot an arrow. The arrow barely misses Duvessa.
Duvessa hits you but does no damage. Duvessa hits you with a +0 rapier.
You shoot an arrow. The arrow barely misses Duvessa.
Duvessa hits you with a +0 rapier.
You die...

#............#...........
#............#...........
#...##....####..#######..
#...##'#######..# #..
#................ #..
#................. #..
#.................. #..
#...####..##.##.##.# ###
##### #@.##.#### .####.#
......e......# .......
.............# .......
.............# .......
~~~~~~~.....## .......
~#####~#.#### ####### #~
.# #~ .#


You could see Duvessa (berserk).

Vanquished Creatures
  3 scorpions (D:4)
  Dowan (D:4)
  A hound (D:4)
  An orc priest (D:3)
  An orc wizard (D:3)
  2 adders
  5 dart slugs
  6 orcs
  5 bats
  13 endoplasms
  2 giant cockroaches
  9 hobgoblins
  8 jackals
  7 quokkas
  5 ball pythons
  5 frilled lizards
  5 goblins
  5 kobolds
  7 rats
91 creatures vanquished.

Notes
Turn   | Place    | Note
-------+----------+-------------------------------------------
     0 | D:1      | qw the Gargoyle Hunter began the quest for the Orb.
     0 | D:1      | Reached XP level 1. HP: 12/12 MP: 1/1
     0 | D:1      | 0 ||| qw: Version: 0.3-a-83-gcd0e7d8
     0 | D:1      | 0 ||| qw: Game counter: 1509
     0 | D:1      | 0 ||| qw: Melee chars always use a shield: true
     0 | D:1      | 0 ||| qw: God list: Okawaru
     0 | D:1      | 0 ||| qw: Allow faded altars: false
     0 | D:1      | 0 ||| qw: Do Orc after clearing Dungeon:15 true
     0 | D:1      | 0 ||| qw: Do second Lair branch before Depths: true
     0 | D:1      | 0 ||| qw: Lair rune preference: random
     0 | D:1      | 0 ||| qw: Goals: Normal
     0 | D:1      | 0 ||| PLANNING D:1-11
    24 | D:1      | Reached XP level 2. HP: 17/17 MP: 2/2
   157 | D:1      | HP: 4/17 [quokka (3)]
   361 | D:1      | Reached XP level 3. HP: 21/21 MP: 3/3
   371 | D:1      | Reached skill level 5 in Ranged Weapons
   623 | D:1      | 623 ||| UPGRADING to +0 ring mail.
   633 | D:1      | 633 ||| DROPPING +0 leather armour.
   634 | D:1      | 634 ||| UPGRADING to amulet of faith.
   639 | D:1      | 639 ||| READING 2 scrolls labelled AWEODGHEHOI.
   640 | D:1      | 640 ||| READING scroll labelled TIREBU QUWOFF.
   641 | D:1      | 641 ||| READING scroll labelled JOARASUANI.
   642 | D:1      | 642 ||| DROPPING scroll of butterflies.
   737 | D:2      | Reached skill level 1 in Armour
   839 | D:2      | 839 ||| DRINKING 2 yellow potions.
   964 | D:2      | Reached XP level 4. HP: 27/27 MP: 4/4
   993 | D:2      | Found a faded altar of an unknown god.
  1040 | D:2      | Reached skill level 3 in Fighting
  1378 | D:2      | 1378 ||| READING scroll labelled ZASAURGH HAOP.
  1379 | D:2      | 1379 ||| DRINKING 2 pink potions.
  1380 | D:2      | 1380 ||| READING 2 scrolls of identify.
  1380 | D:2      | 1380 ||| IDENTIFYING smoky pink potion
  1381 | D:2      | 1381 ||| DROPPING potion of degeneration.
  2064 | D:3      | 2064 ||| FLEEEEING.
  2068 | D:3      | Reached XP level 5. HP: 17/32 MP: 5/5
  2071 | D:3      | 2071 ||| FLEEEEING.
  2072 | D:3      | 2072 ||| FLEEEEING.
  2073 | D:3      | 2073 ||| FLEEEEING.
  2074 | D:3      | 2074 ||| FLEEEEING.
  2075 | D:3      | 2075 ||| FLEEEEING.
  2076 | D:3      | 2076 ||| FLEEEEING.
  2077 | D:3      | 2077 ||| FLEEEEING.
  2078 | D:3      | 2078 ||| FLEEEEING.
  2079 | D:3      | 2079 ||| FLEEEEING.
  2085 | D:3      | 2085 ||| FLEEEEING.
  2086 | D:3      | 2086 ||| FLEEEEING.
  2102 | D:3      | 2102 ||| FLEEEEING.
  2108 | D:3      | 2108 ||| STAIRDANCE
  2127 | D:2      | 2127 ||| READING 2 scrolls of identify.
  2127 | D:2      | 2127 ||| IDENTIFYING green potion
  2128 | D:2      | 2128 ||| DROPPING potion of invisibility.
  2154 | D:3      | Reached skill level 6 in Ranged Weapons
  2366 | D:4      | Found a staircase to the Ecumenical Temple.
  2367 | D:4      | 2367 ||| PLANNING TEMPLE
  2375 | Temple   | Entered the Ecumenical Temple
  2376 | Temple   | 2376 ||| PLANNING D:1-11
  2429 | D:4      | 2429 ||| FLEEEEING.
  2503 | D:4      | Reached XP level 6. HP: 38/38 MP: 6/6
  2630 | D:4      | Noticed Dowan
  2633 | D:4      | 2633 ||| FLEEEEING.
  2638 | D:4      | 2638 ||| FLEEEEING.
  2640 | D:4      | 2640 ||| FLEEEEING.
  2641 | D:4      | 2641 ||| FLEEEEING.
  2642 | D:4      | 2642 ||| FLEEEEING.
  2643 | D:4      | 2643 ||| FLEEEEING.
  2644 | D:4      | 2644 ||| FLEEEEING.
  2645 | D:4      | 2645 ||| FLEEEEING.
  2646 | D:4      | 2646 ||| FLEEEEING.
  2647 | D:4      | 2647 ||| FLEEEEING.
  2651 | D:4      | 2651 ||| FLEEEEING.
  2652 | D:4      | 2652 ||| FLEEEEING.
  2654 | D:4      | 2654 ||| FLEEEEING.
  2655 | D:4      | 2655 ||| FLEEEEING.
  2666 | D:4      | 2666 ||| FLEEEEING.
  2667 | D:4      | 2667 ||| FLEEEEING.
  2668 | D:4      | 2668 ||| FLEEEEING.
  2669 | D:4      | 2669 ||| FLEEEEING.
  2689 | D:4      | HP: 4/38 [Dowan/puff of flame (8)]
  2693 | D:4      | Killed Dowan
  2694 | D:4      | Reached skill level 7 in Ranged Weapons
  3009 | D:4      | Reached XP level 7. HP: 38/43 MP: 7/7
  3102 | D:4      | Noticed Duvessa
  3109 | D:4      | HP: 8/43 [Duvessa/+0 rapier (7)]
  3110 | D:4      | HP: 2/43 [Duvessa/+0 rapier (6)]
  3111 | D:4      | Slain by Duvessa

Levels and vault maps discovered:
D:1:      dpeg_arrival_long_road, layout_rooms
D:2:      layout_basic, serial_glass, glass_columns_b, glass_columns_b,
          shapermc_ecumenical_altar_starsandcircs
D:3:      layout_basic, nrook_mini_backslash
D:4:      cheibrodos_quashed, layout_gridville, nicolae_overflow_two_pavilions,
          minmay_temple_entry_junction, uniq_duvessa
Temple:   nicolae_temple_ecumenical_triangle

Skill      XL: |  1  2  3  4  5  6 |
---------------+-------------------+-----
Ranged Weapons | 5 6 7 |  7.3
Armour         | 1 |  1.0
Fighting       | 3 4 |  4.1
Dodging        | |  1.5
Stealth        | |  1.1

Action                     |  1- 3 |  4- 6 |  7- 9 || total
---------------------------+-------+-------+-------++-------
   Fire: Shortbow          |   111 |   216 |     9 ||   336
    Use: Scroll            |     3 |     3 |       ||     6
         Potion            |     1 |     1 |       ||     2
 Armour: Leather armour    |    34 |       |       ||    34
         Ring mail         |     2 |    73 |     8 ||    83
  Dodge: Dodged            |    25 |    61 |     6 ||    92

Table legend:
 A = Non-vault XP
 B = Vault XP
 C = Vault XP percentage of total XP
 D = Non-vault monster count
 E = Vault monster count
 F = Vault count percentage of total count
                 A         B        C        D         E       F
            +---------+---------+-------+---------+---------+-------
      Total |     564 |      69 |  10.9 |      90 |       1 |   1.1
            +---------+---------+-------+---------+---------+-------
        D:1 |      48 |       0 |   0.0 |      29 |       0 |   0.0
        D:2 |      61 |       0 |   0.0 |      26 |       0 |   0.0
        D:3 |     105 |       0 |   0.0 |      17 |       0 |   0.0
        D:4 |     350 |      69 |  16.5 |      18 |       1 |   5.3
            +---------+---------+-------+---------+---------+-------
